 Dungeon Crawl Stone Soup version 0.30.1-9-gdf580d7c3d (webtiles) character file.

Game seed: 7367142572564248657

8775 Amplified the Fighter (level 11, -1/90 HPs)
             Began as a Mummy Artificer on Oct 8, 2023.
             Was an Initiate of Gozag.
             Slain by a vampire mosquito (8 damage)
             ... on level 11 of the Dungeon.
             The game lasted 00:25:29 (11268 turns).

Amplified the Fighter (Mummy Artificer)            Turns: 11268, Time: 00:25:30

Health: -1/90      AC: 10    Str: 26    XL:     11   Next: 14%
Magic:  8/11       EV: 11    Int: 11    God:    Gozag
Gold:   232        SH:  5    Dex: 12    Spells: 4/10 levels left

rFire   x . .        k - +2 whip (venom)
rCold   + . .        d - +1 buckler {reflect}
rNeg    + + +        b - +2 leather armour
rPois   ∞            m - +2 helmet
rElec   .            r - +0 cloak
rCorr   +            (no gloves)
SInv    .            (no boots)
Will    +....        (no amulet)
Stlth   +            h - +6 ring of strength
HPRegen 0.35/turn    u - ring of resist corrosion
MPRegen 0.12/turn

%: reflection, faith
@: confusing by touch
A: cold resistance 1, negative energy resistance 3, torment resistance 2, heat
vulnerability 1, in touch with death 1, no potions, faith
a: Renounce Religion, Potion Petition, Call Merchant, Bribe Branch


You were on level 11 of the Dungeon.
You worshipped Gozag.
Gozag was aware of your devotion.
You visited 2 branches of the dungeon, and saw 13 of its levels.

You collected 1040 gold pieces.
You paid 808 gold pieces to Gozag.

Inventory:

Hand Weapons
 a - a +0 club
 f - a +0 whip
 k - a +2 whip of venom (weapon)
 w - a +2 hand axe of flaming
Armour
 b - a +2 leather armour (worn)
 d - a +1 buckler of reflection (worn)
 m - a +2 helmet (worn)
 r - a +0 cloak (worn)
Jewellery
 c - an amulet of faith
 g - a ring of ice
 h - a +6 ring of strength (left hand)
 n - a ring of fire
 u - a ring of resist corrosion (right hand)
 v - a ring of ice
Wands
 q - a wand of polymorph (22)
 z - a wand of digging (2)
Scrolls
 i - 4 scrolls of identify
 j - 2 scrolls of silence
 l - a scroll of amnesia
 p - a scroll of immolation
 x - 2 scrolls of fog
 y - a scroll of vulnerability


   Skills:
 * Level 10.1 Fighting
 * Level 8.3 Maces & Flails
 - Level 5.5 Armour
 - Level 1.6 Dodging
 - Level 0.7 Stealth
 * Level 2.3 Shields
 + Level 2.1 Hexes
 - Level 5.9 Evocations


You had 4 spell levels left.
You knew the following spells:

 Your Spells              Type           Power      Damage    Failure   Level
a - Kiss of Death         Conj/Necr      0%         2d5       43%         1
b - Passwall              Tmut/Erth      0%         N/A       58%         2
c - Confusing Touch       Hex            4%         N/A       52%         3

Your spell library contained the following spells:

 Spells                   Type           Power      Damage    Failure   Level
 Sandblast                Erth           0%         2d4       43%         1
 Static Discharge         Conj/Air       0%         2-2/arc   58%         2
 Summon Guardian Golem    Hex/Summ       2%         N/A       67%         3
 Hailstorm                Conj/Ice       0%         3d3       82%         3
 Stone Arrow              Conj/Erth      0%         3d7       82%         3
 Airstrike                Air            0%         2d(0-16)  99%         4
 Dispel Undead            Necr           0%         3d6       99%         4
 Summon Lightning Spire   Summ/Air       0%         N/A       99%         4
 Orb of Destruction       Conj           0%         9d5       100%        7
 Spellforged Servitor     Conj/Summ      0%         N/A       100%        7
 Ice Form                 Ice/Tmut       Unusable   N/A       N/A         4
 Simulacrum               Ice/Necr       Unusable   N/A       N/A         6

Dungeon Overview and Level Annotations

Branches:
Dungeon (12/15)            Temple (1/1) D:7            Lair (0/5) D:9
    Orc (0/2) D:9

Altars:
Ashenzari
Cheibriados
Dithmenos
Fedhas
Gozag
Hepliaklqana
Kikubaaqudgha
Makhleb
Nemelex Xobeh
Okawaru
Qazlal
Ru
Sif Muna
Trog
Uskayaw
Vehumet
Xom
Yredelemnul

Shops:
D:1 !   D:2 =

Annotations:
D:4 1 runed translucent door, Ijustatesigmund's ghost, amateur GrEE
D:7 1 runed translucent door, Crazy Yiuf


Innate Abilities, Weirdness & Mutations

You are immune to poison.
Your flesh is cold resistant. (rC+)
You are immune to negative energy. (rN+++)
You are immune to unholy pain and torment.
You are vulnerable to heat. (rF-)
You are in touch with the powers of death.
You do not drink.
You have a special connection with the divine. (Faith)


Message History

Unknown command.
Unknown command.
Okay, then.
Aiming: Polymorph
Press: ? - help, Shift-Dir - straight line, f - you
Okay, then.
Okay, then.
You whack the vampire mosquito!
The vampire mosquito is moderately damaged.
The vampire mosquito bites you!
* * * LOW HITPOINT WARNING * * *
You closely miss the vampire mosquito.
The vampire mosquito is moderately damaged.
The vampire mosquito bites you but does no damage. x2
Unknown command.
You hit the vampire mosquito.
The vampire mosquito is heavily damaged.
The vampire mosquito barely misses you.
Unknown command.
You closely miss the vampire mosquito.
The vampire mosquito is heavily damaged.
The vampire mosquito misses you.
The vampire mosquito bites you but does no damage.
Unknown command.
You barely miss the vampire mosquito.
The vampire mosquito is heavily damaged.
The vampire mosquito bites you.
* * * LOW HITPOINT WARNING * * *
Unknown command.
You closely miss the vampire mosquito.
The vampire mosquito is heavily damaged.
The vampire mosquito bites you!
* * * LOW HITPOINT WARNING * * *
Unknown command.
Unknown command.
Casting: Confusing Touch (dangerous; 52% risk of failure)
Confirm with . or Enter, or press ? or * to list all spells.
Your hands begin to glow red.
The vampire mosquito bites you!
You die...
Your body crumbles into a pile of gold.

#...##)# ......
#...##.### ......
#...##...##......
....####.#....#
.....# #...######
.....##
###.#....#
#..y.#.#.# $
#y#[.#.#.#
#@#....#.#
#.#.#....##
##.#<#.....##
#.[......#..#.
#.............
#........#.#.
#........#.#
#........#
#........#


You could see a vampire mosquito.

Vanquished Creatures
  Pikel (D:8)
  A gargoyle (D:11)
  Maggie (D:7)
  A kobold demonologist (D:9)
  A troll (D:9)
  Grinder (D:4)
  A shadow (D:11)
  15 yaks
  6 wyverns
  A steam dragon (D:6)
  2 vampire mosquitoes (D:11)
  Edmund (D:4)
  2 ice beasts
  4 black bears
  An orc warrior (D:9)
  An ogre (D:4)
  3 centaurs
  2 kobold brigands
  Blork the orc (D:4)
  4 bullfrogs
  5 scorpions
  5 wights
  8 killer bees
  3 hounds
  A jelly (D:6)
  A gnoll bouda (D:3)
  4 orc priests
  A sleepcap (D:7)
  5 iguanas
  6 orc wizards
  Robin (D:3)
  7 adders
  5 gnolls
  3 white imps
  A worm (D:2)
  A dart slug (D:2)
  19 orcs
  7 ball pythons
  9 endoplasms
  3 giant cockroaches
  20 goblins
  10 hobgoblins
  4 jackals (D:2)
  2 quokkas
  3 bats
  2 frilled lizards (D:1)
  11 kobolds
  4 rats
201 creatures vanquished.

Vanquished Creatures (collateral kills)
  An ogre (D:5)
  2 orc priests
  An iguana (D:4)
  2 orcs (D:8)
  2 endoplasms
  4 goblins
  A kobold (D:1)
13 creatures vanquished.

Vanquished Creatures (others)
  3 wights
  An ufetubus (D:5)
  An orc (D:2)
  A hobgoblin (D:2)
6 creatures vanquished.

Grand Total: 220 creatures vanquished

Notes
Turn   | Place    | Note
-------+----------+-------------------------------------------
     0 | D:1      | Amplified the Mummy Artificer began the quest for the Orb.
     0 | D:1      | Reached XP level 1. HP: 15/15 MP: 1/1
   188 | D:1      | Reached XP level 2. HP: 19/21 MP: 2/2
   312 | D:1      | Found Ewny's Distillery.
   424 | D:1      | Reached skill level 1 in Maces & Flails
   641 | D:1      | Learned a level 1 spell: Kiss of Death
   798 | D:2      | Found Issanlij's Jewellery Shop.
   812 | D:2      | Gained mutation: You are in touch with the powers of death.
                  | [Mummy growth]
   812 | D:2      | Reached XP level 3. HP: 27/27 MP: 3/3
   944 | D:2      | Reached skill level 2 in Fighting
  1177 | D:2      | Reached XP level 4. HP: 31/34 MP: 4/4
  1397 | D:2      | Learned a level 2 spell: Passwall
  1407 | D:3      | Noticed Robin
  1907 | D:3      | Reached XP level 5. HP: 25/40 MP: 5/5
  1908 | D:3      | Reached skill level 3 in Fighting
  2125 | D:3      | Killed Robin
  2228 | D:3      | Found an iron altar of Okawaru.
  2323 | D:4      | Noticed an ogre
  2453 | D:4      | Noticed a black bear
  2453 | D:4      | Noticed a black bear
  2453 | D:4      | Noticed Blork the orc
  2453 | D:4      | Found a bloodstained altar of Trog.
  2599 | D:4      | Reached XP level 6. HP: 46/47 MP: 6/6
  2628 | D:4      | Reached skill level 4 in Fighting
  2803 | D:4      | Killed Blork the orc
  2804 | D:4      | Reached XP level 7. HP: 54/54 MP: 7/7
  2844 | D:4      | Found a runed translucent door.
  2844 | D:4      | Noticed Ijustatesigmund's ghost (amateur GrEE)
  3085 | D:4      | Noticed Edmund
  3109 | D:4      | Killed Edmund
  3334 | D:4      | Noticed Grinder
  3342 | D:4      | Killed Grinder
  3343 | D:4      | Reached skill level 5 in Fighting
  3373 | D:4      | Reached XP level 8. HP: 56/62 MP: 8/8
  3809 | D:5      | Entered Level 5 of the Dungeon
  4055 | D:5      | Reached skill level 6 in Fighting
  4247 | D:5      | Reached skill level 5 in Maces & Flails
  4718 | D:5      | Noticed Eustachio
  4719 | D:5      | Eustachio changed into Eustachio the scorpion
  4719 | D:5      | Noticed Eustachio
  4729 | D:5      | Killed Eustachio the scorpion
  5047 | D:6      | Reached XP level 9. HP: 31/71 MP: 9/9
  5341 | D:6      | Reached skill level 7 in Fighting
  6581 | D:7      | Noticed Maggie
  6591 | D:7      | Killed Maggie
  6592 | D:7      | Reached skill level 5 in Evocations
  6736 | D:7      | Found a staircase to the Ecumenical Temple.
  6746 | Temple   | Entered the Ecumenical Temple
  6840 | Temple   | Became a worshipper of Gozag Ym Sagoz the Greedy
  6954 | D:7      | Found a runed translucent door.
  6955 | D:7      | Noticed Crazy Yiuf
  7344 | D:8      | Noticed Pikel
  7620 | D:8      | Reached skill level 8 in Fighting
  7708 | D:8      | Reached skill level 5 in Armour
  7989 | D:8      | Killed Pikel
  7990 | D:8      | Reached XP level 10. HP: 82/82 MP: 10/10
  8492 | D:9      | Noticed a death yak
  8504 | D:9      | Noticed a death yak
  8553 | D:9      | Found a staircase to the Orcish Mines.
  8742 | D:9      | Noticed a death yak
  8942 | D:9      | Reached skill level 9 in Fighting
  9167 | D:9      | Found a stormy altar of Qazlal.
  9167 | D:9      | Found a basalt altar of Yredelemnul.
  9189 | D:9      | Found a staircase to the Lair.
  9390 | D:9      | Reached skill level 1 in Dodging
  9552 | D:10     | Entered Level 10 of the Dungeon
  9689 | D:7      | Learned a level 3 spell: Confusing Touch
 10125 | D:10     | Noticed a gargoyle
 10274 | D:11     | Reached skill level 1 in Hexes
 10514 | D:11     | Noticed a boulder beetle
 10514 | D:11     | Noticed a gargoyle
 10634 | D:11     | Killed a gargoyle
 10635 | D:11     | Reached skill level 1 in Shields
 10777 | D:11     | Reached XP level 11. HP: 48/90 MP: 11/11
 10807 | D:11     | Reached skill level 10 in Fighting
 10940 | D:11     | a boulder beetle changed into a great orb of eyes
 10940 | D:11     | Noticed a great orb of eyes
 11268 | D:11     | Slain by a vampire mosquito

Illustrated notes

Levels and vault maps discovered:
D:1:      wander_arrival_abandoned_jail, layout_basic, serial_shops,
          nicolae_shop_tiny_glass
D:2:      layout_basic, serial_shops, shop_statue, fountainhead
D:3:      layout_rooms, gammafunk_temple_overflow_pools, uniq_robin
D:4:      layout_basic, trog_ov_bears_minmay, hellmonk_ghost_happy_afterlife,
          uniq_edmund, uniq_grinder, uniq_blork_the_orc
D:5:      cheibrodos_helix_gallery, layout_basic, minmay_misc_feat_cross,
          uniq_eustachio
D:6:      layout_basic
D:7:      layout_cave_pools, minmay_temple_entry_water_ring,
          uniq_crazy_yiuf_cottage, uniq_maggie
D:8:      layout_basic, uniq_pikel
D:9:      layout_rooms, gammafunk_temple_overflow_statue, dpeg_lair_monsters,
          orc_0_dummy
D:10:     layout_loops_cross, nicolae_wu_jian_wuxing_cycle, st_stairs_6
D:11:     layout_basic, uniq_nergalle
D:12:     layout_cave_pools, uniq_maurice
Temple:   lightli_temple_of_artemis

Skill      XL: |  1  2  3  4  5  6  7  8  9 10 11 |
---------------+----------------------------------+-----
Maces & Flails | 1 2 3 4 5 7 8 |  8.3
Fighting       | 2 3 4 5 6 8 9 10 | 10.1
Armour         | 2 3 4 5 |  5.5
Evocations     | 3 4 5 |  5.9
Dodging        | 1 |  1.6
Hexes          | 1 2 |  2.1
Shields        | 1 2 |  2.3
Stealth        | |  0.7

Action                     |  1- 3 |  4- 6 |  7- 9 | 10-12 || total
---------------------------+-------+-------+-------+-------++-------
  Melee: Club              |    88 |       |       |       ||    88
         Whip              |    68 |   103 |   315 |   387 ||   873
         Punch             |       |     1 |     4 |     4 ||     9
  Throw: Throwing net      |       |       |       |     2 ||     2
   Cast: Confusing Touch   |       |       |       |     1 ||     1
 Invoke: Potion Petition   |       |       |       |     2 ||     2
  Evoke: Wand              |       |    21 |    70 |     4 ||    95
    Use: Scroll            |     4 |     2 |     8 |     9 ||    23
   Stab: Sleeping          |     1 |       |     1 |     2 ||     4
         Invisible         |       |       |     2 |       ||     2
         Betrayed ally     |       |       |     1 |       ||     1
         Held in net/web   |       |       |       |     4 ||     4
 Armour: Leather armour    |    76 |    43 |   109 |   116 ||   344
  Dodge: Dodged            |   126 |    89 |   178 |   137 ||   530
  Block: Buckler           |       |       |       |    24 ||    24
         Reflection        |       |       |       |     2 ||     2
